 Dungeon Crawl Stone Soup version 0.27-a0-277-g024f7ef292 (webtiles) character file.

Game seed: 16388427190295227513

221 Borgoz the Cudgeller (level 5, -1/33 HPs)
             Began as a Gargoyle Gladiator on Feb 6, 2021.
             Killed from afar by Natasha (5 damage)
             ... with a magic dart
             ... on level 2 of the Dungeon.
             The game lasted 00:04:51 (5400 turns).

Borgoz the Cudgeller (Gargoyle Gladiator)           Turns: 5400, Time: 00:04:52

Health: -1/33      AC:  8    Str: 17    XL:     5   Next: 98%
Magic:  5/5        EV: 12    Int:  9    God:
Gold:   147        SH:  0    Dex: 12    Spells: 4/4 levels left

rFire    . . .     SeeInvis .   a - +0 flail
rCold    + . .     Faith    .   (no shield)
rNeg     + . .     Spirit   .   b - +0 leather armour
rPois    ∞         Reflect  .   c - +0 helmet
rElec    +         Harm     .   (no cloak)
rCorr    .         Rampage  .   (no gloves)
Will     .....                  (no boots)
Stlth    +.........             (no amulet)
HPRegen  0.11/turn              q - ring of protection from cold
MPRegen  0.09/turn              (no ring)

@: mighty
A: negative energy resistance 1, electricity resistance, unbreathing,
petrification resistance, miasma immunity, AC +4
a: no special abilities


You were on level 2 of the Dungeon.
You visited 1 branch of the dungeon, and saw 3 of its levels.

You collected 147 gold pieces.

Inventory:

Hand Weapons
 a - a +0 flail (weapon)
Missiles
 d - 2 throwing nets (quivered)
Armour
 b - a +0 leather armour (worn)
 c - a +0 helmet (worn)
Jewellery
 q - a ring of protection from cold (left hand)
 s - an uncursed ring of flight
Scrolls
 e - a scroll of enchant armour {unknown}
 f - 3 scrolls of remove curse {unknown}
 g - 2 scrolls of teleportation {unknown}
 i - 2 scrolls of identify {unknown}
 k - a scroll of fog {unknown}
 l - a scroll of enchant weapon {unknown}
 o - a scroll of fear {unknown}
Potions
 h - 2 potions of haste {unknown}
 j - 3 potions of mutation {unknown}
 m - a potion of flight {unknown}
 n - a potion of degeneration {unknown}
 p - a potion of curing {unknown}
 r - a potion of might


   Skills:
 + Level 3.7 Fighting
 + Level 4.1 Maces & Flails
 - Level 1.7 Throwing
 + Level 2.7 Armour
 + Level 3.3 Dodging


You had 4 spell levels left.
You didn't know any spells.
Your spell library contained the following spells:

 Spells                   Type           Power        Failure   Level
 Magic Dart               Conj           0%           43%         1
 Blink                    Tloc           N/A          58%         2
 Call Imp                 Summ           0%           58%         2
 Slow                     Hex            0%           58%         2
 Conjure Flame            Conj/Fire      0%           82%         3
 Mephitic Cloud           Conj/Pois/Air  0%           82%         3


Dungeon Overview and Level Annotations

Branches:
Dungeon (3/15)

Altars:
Fedhas
Makhleb
Trog
Xom

Annotations:
D:2 Natasha
D:3 2 transporters, tilp's ghost, amateur GnDe


Innate Abilities, Weirdness & Mutations

You are resistant to torment.
Your stone body is resilient. (AC +4)
You are immune to poison.
You resist negative energy. (rN+)
You are resistant to electric shocks. (rElec)
You can survive without breathing.
You are immune to petrification.
You are immune to miasma.


Message History

Natasha is severely wounded.
The crimson imp hits you. Natasha casts a spell at you.
The magic dart hits you!
* * * LOW HITPOINT WARNING * * *
Throw: 3 throwing nets
Press: ? - help, Q - select action Shift-Dir - straight line, f - Natasha
Aim: Natasha (severely wounded, 50% to hit)
You throw a throwing net.
The throwing net completely misses Natasha.
The crimson imp hits you but does no damage.
Natasha claws you.
* * * LOW HITPOINT WARNING * * *
It was a potion of might.
You feel very mighty all of a sudden.
The crimson imp disappears in a puff of smoke!
Natasha extends her claws.
Natasha stares at you and mumbles some strange words.
The magic dart hits you.
You die...

# #......###....## #.#......... #
#.......######## #(#.####.### #
##.....## ###_### #.#.# #.### #
##...#####8...8# #.#(# ##.... #
##.###.##.....###.#.# #...## #
#.# #.#8.....8##)#.# #..## # #.#
#.##.....###.#.# #..# # #.#
#.##8.h§8# #.#.###..### # #.#
#.##.[@..###.....[..... #
#.###.#8.....8####......... #
#.##..##.....##.........### #
#.##..##8...8###.......## #
#.##..####>### #.####### ###
#.##..######## #.# ##### ..#
#........>...###.# #....
#.########...###.......######.###
.............# #.#[.....|.....#


You could see Natasha.

Vanquished Creatures
  Jessica (D:2)
  Terence (D:2)
  Natasha (twice) (D:2)
  3 adders
  2 oozes (D:2)
  2 dart slugs (D:2)
  3 worms
  2 leopard geckos (D:1)
  An orc (D:3)
  4 giant cockroaches
  10 goblins
  6 hobgoblins
  4 jackals
  7 kobolds
  A quokka (D:2)
  2 ball pythons
  8 bats
  3 frilled lizards
  7 rats
69 creatures vanquished.

Vanquished Creatures (others)
  2 fungi (D:2)
  6 plants (D:2)
8 creatures vanquished.

Grand Total: 77 creatures vanquished

Notes
Turn   | Place    | Note
-------+----------+-------------------------------------------
     0 | D:1      | Borgoz the Gargoyle Gladiator began the quest for the Orb.
     0 | D:1      | Reached XP level 1. HP: 12/12 MP: 1/1
   274 | D:1      | Reached XP level 2. HP: 18/18 MP: 2/2
   750 | D:1      | Reached skill level 1 in Armour
   919 | D:2      | Found a faded altar of an unknown god.
  1054 | D:2      | Reached XP level 3. HP: 18/22 MP: 3/3
  1457 | D:2      | Reached XP level 4. HP: 17/27 MP: 4/4
  1592 | D:2      | Found a blossoming altar of Fedhas.
  1622 | D:2      | Noticed Jessica
  1624 | D:2      | Noticed Terence
  1634 | D:2      | Killed Terence
  1642 | D:2      | Killed Jessica
  1814 | D:2      | Found a burning altar of Makhleb.
  1857 | D:2      | Reached XP level 5. HP: 31/32 MP: 5/5
  1958 | D:2      | Noticed Natasha
  1962 | D:2      | Killed Natasha
  2599 | D:3      | Reached skill level 4 in Maces & Flails
  2719 | D:3      | Found a shimmering altar of Xom.
  2836 | D:3      | Found a bloodstained altar of Trog.
  2923 | D:2      | Noticed Natasha
  3060 | D:2      | Killed Natasha
  3344 | D:2      | Noticed Natasha
  5248 | D:3      | Found a transporter.
  5250 | D:3      | Found a transporter.
  5251 | D:3      | Noticed tilp's ghost (amateur GnDe)
  5400 | D:2      | Killed from afar by Natasha

Illustrated notes

Levels and vault maps discovered:
D:1:      minmay_arrival_arboretum_small, layout_loops_ring
D:2:      layout_loops_ring, fedhas_altar_3, nicolae_overflow_hidden_temple,
          chequers_ecumenical_altar_simple, uniq_natasha, uniq_jessica,
          uniq_terence
D:3:      layout_basic, bloody_trog, old_standard_altar,
          gammafunk_ghost_mausoleum

Skill      XL: |  1  2  3  4  5 |
---------------+----------------+-----
Armour         | 1 2 |  2.7
Fighting       | 3 |  3.7
Dodging        | 3 |  3.3
Maces & Flails | 4 |  4.1
Throwing       | |  1.7

Action                   |  1- 3 |  4- 6 || total
-------------------------+-------+-------++-------
Melee: Flail             |   139 |   154 ||   293
Throw: Throwing net      |       |     1 ||     1
  Use: Potion            |       |     1 ||     1
Armor: Leather armour    |    70 |    67 ||   137
Dodge: Dodged            |   145 |   120 ||   265

Table legend: (Time is in decaauts)
 A = Elapsed time spent in this place.
 B = Non-inter-level travel time spent in this place.
 C = Inter-level travel time spent in this place.
 D = Time resting spent in this place.
 E = Time spent auto-exploring this place.
 F = Levels seen in this place.
 G = Mean time per level.
                   A        B        C        D        E       F      G
               +--------+--------+--------+--------+--------+-----+--------+
         Total |   5463 |   4546 |    917 |   1741 |   2075 |   3 | 1821.0 |
       Dungeon |   5463 |   4546 |    917 |   1741 |   2075 |   3 | 1821.0 |
               +--------+--------+--------+--------+--------+-----+--------+

Top non-repeatable levels by time:
     D:2: 3759 daAuts
     D:3: 887 daAuts
     D:1: 817 daAuts
